 Dungeon Crawl Stone Soup version 0.22-b1-26-g9dbaab1 (webtiles) character file.

71 Doobh the Sneak (level 4, 0/27 HPs)
             Began as a Kobold Assassin on Aug 9, 2018.
             Slain by an orc priest
             ... wielding a +1 hand axe of chopping
              (1 damage)
             ... on level 3 of the Dungeon.
             The game lasted 00:06:36 (2166 turns).

Doobh the Sneak (Kobold Assassin)                   Turns: 2166, Time: 00:06:36

Health: 0/27       AC:  3    Str:  8    XL:     4   Next: 47%
Magic:  4/4        EV: 15    Int: 12    God:
Gold:   56         SH:  0    Dex: 17    Spells: 3/3 levels left

rFire    . . .     SeeInvis .   a - +2 dagger
rCold    . . .     Gourm    .   (shield restricted)
rNeg     . . .     Faith    .   c - +0 robe
rPois    .         Spirit   .   (no helmet)
rElec    .         Reflect  .   d - +0 cloak
rCorr    .         Harm     .   (no gloves)
MR       .....                  (no boots)
Stlth    +++.......             (no amulet)
HPRegen  0.09/turn              (no ring)
MPRegen  0.09/turn              (no ring)

@: no status effects
A: small, carnivore
a: no special abilities


You were on level 3 of the Dungeon.
You were completely stuffed.

You visited 1 branch of the dungeon, and saw 3 of its levels.

You collected 56 gold pieces.

Inventory:

Hand Weapons
 a - a +2 dagger (weapon)
 b - a +0 blowgun
Missiles
 e - 8 poisoned needles
 f - 2 curare-tipped needles
 j - 105 stones (quivered)
Armour
 c - a +0 robe (worn)
 d - a +0 cloak (worn)
Wands
 n - a wand of digging (8)
Scrolls
 h - 2 scrolls of remove curse {unknown}
 m - a scroll of enchant weapon {unknown}
 o - a scroll of fog {unknown}
 p - a scroll of identify {unknown}
Potions
 i - a potion of degeneration {unknown}
 l - 2 potions of heal wounds {unknown}
 q - a potion of curing {unknown}
 r - a potion of mutation {unknown}
Comestibles
 g - 6 rations
 k - 2 chunks of flesh


   Skills:
 + Level 2.7 Fighting
 * Level 4.0 Short Blades
 + Level 2.8 Throwing
 + Level 2.1 Dodging
 + Level 5.7 Stealth


You had 3 spell levels left.
You didn't know any spells.
Your spell library was empty.

Dungeon Overview and Level Annotations

Branches:
Dungeon (3/15)

Altars:
Elyvilon
Ru
Sif Muna
Uskayaw
Zin


Innate Abilities, Weirdness & Mutations

You are small and have problems with some larger weapons.
You are carnivorous and can eat meat at any time.


Message History

You kill the orc!
The orc wizard mumbles some strange words.
The orc wizard blinks!
You barely miss the orc wizard. The orc wizard hits you with a dagger.
An orc comes into view. It is wielding a morningstar.
The orc wizard misses you. The orc wizard hits you with a dagger!
The orc wizard hits you with a dagger.
You completely miss the orc priest.
The orc priest shouts!
The orc shouts!
The orc wizard hits you but does no damage.
The orc priest closely misses you.
You closely miss the orc priest. The orc wizard hits you with a dagger.
The orc priest hits you but does no damage.
The orc wizard hits you with a dagger. The orc priest barely misses you.
The orc wizard hits you with a dagger.
* * * LOW HITPOINT WARNING * * *
The orc priest hits you with a hand axe of chopping.
* * * LOW HITPOINT WARNING * * *
You die...

#.# #. #.........# ###.#
.# .. ..........# .# #...#
.....o...>###.####.###
.##...........##....###
#...#.o....##.♣♣....####
.###.###.###...♣ ♣.♣♣....#
........o#....♣♣♣♣♣♣♣.♣♣.#
....##.o#.#..♣..♣ ♣♣♣♣.#
## #.o@.....♣ ♣♣.#
#..###..♣♣ ♣... #..###...♣
♣♣.. #......♣.♣ ♣...
....##..o♣♣ ♣♣..
##..###...♣♣ ♣.# #[.#
#..♣.♣♣♣ ♣..
##..#####.#..♣ ♣.#
.........###.# ###


You could see an orc priest, an orc wizard and 2 orcs.

Vanquished Creatures
  An adder (D:2)
  A dart slug (D:2)
  A leopard gecko (D:1)
  4 orcs
  11 bats
  A giant cockroach (D:3)
  6 goblins
  8 hobgoblins
  2 jackals (D:1)
  7 kobolds
  A quokka (D:2)
  A ball python (D:1)
  2 frilled lizards (D:1)
  2 rats (D:1)
48 creatures vanquished.

Notes
Turn   | Place    | Note
-------+----------+-------------------------------------------
     0 | D:1      | Doobh the Kobold Assassin began the quest for the Orb.
     0 | D:1      | Reached XP level 1. HP: 12/12 MP: 1/1
   113 | D:1      | Reached XP level 2. HP: 17/17 MP: 2/2
   610 | D:1      | Reached XP level 3. HP: 20/22 MP: 3/3
  1116 | D:2      | Found a white marble altar of Elyvilon.
  1116 | D:2      | Found a deep blue altar of Sif Muna.
  1116 | D:2      | Found a hide-covered altar of Uskayaw.
  1116 | D:2      | Found a sacrificial altar of Ru.
  1116 | D:2      | Found a glowing silver altar of Zin.
  1284 | D:2      | Reached XP level 4. HP: 27/27 MP: 4/4
  2166 | D:3      | HP: 1/27 [orc priest/hand axe of chopping (6)]
  2166 | D:3      | Slain by an orc priest

Skill      XL: |  1  2  3  4 |
---------------+-------------+-----
Short Blades   | 3 4 |  4.0
Dodging        | 2 |  2.1
Fighting       | |  2.7
Throwing       | |  2.8
Stealth        | |  5.7

Action                   |  1- 3 |  4- 6 || total
-------------------------+-------+-------++-------
Melee: Dagger            |   125 |    48 ||   173
 Fire: Blowgun           |     3 |       ||     3
Throw: Stone             |       |     4 ||     4
 Stab: Sleeping          |     6 |     1 ||     7
  Eat: Chunk             |    10 |     2 ||    12
Armor: Robe              |    27 |     8 ||    35
Dodge: Dodged            |   105 |    31 ||   136
